Map: Simulacro EE

Players

KAISER - Winner!

  • Race: Terran Terran
  • League: Silver
  • Spawn Location: 11:00

MrFercho

  • Race: Terran Terran
  • League: Silver
  • Spawn Location: 5:00

VOD

Have the link to the VOD?

Description

Time

  • Played on: May 3, 2020, 10:09 p.m.
  • Length: 4:16
Show
View Real Time Build Order
Export as new Build Order

KAISER Terran - Winner!

Build Orders:  

Get SALT Encoding   

  12  0:01  SCV  
  13  0:13  SCV  
  14  0:17  Supply Depot  
  14  0:25  SCV  
  15  0:39  SCV  
  16  0:43  Barracks  
  16  0:51  SCV  
  17  0:57  Refinery  
  17  1:03  SCV  
  18  1:07  Barracks  
  18  1:15  SCV  
  19  1:31  Orbital Command  
  19  1:41  Barracks Reactor  
  19  1:45  Supply Depot  
  19  1:51  Refinery  
  19  1:59  Reaper  
  21  2:01  SCV  
  21  2:13  SCV  
  22  2:18  Reaper  
  23  2:25  SCV  
  24  2:31  Marine  
  25  2:38  Factory  
  25  2:40  SCV  
  26  2:47  Marine  
  26  2:48  Marine  
  28  3:17  Marine x3  
  30  3:36  Marine  
  31  3:47  Marine  
  31  3:56  Marine  
Show
View Real Time Build Order
Export as new Build Order

MrFercho Terran 

Build Orders:  

Get SALT Encoding   

  12  0:03  SCV  
  13  0:18  Supply Depot  
  13  0:19  SCV  
  14  0:31  SCV  
  15  0:56  SCV  
  16  1:02  Barracks  
  16  1:05  Refinery  
  16  1:08  SCV  
  17  1:20  SCV  
  18  1:32  Engineering Bay, SCV  
  19  1:44  SCV  
  20  1:52  Barracks Tech Lab  
  20  2:07  Barracks  
  20  2:14  Supply Depot  
  20  2:21  SCV  
  21  2:33  SCV  
  22  2:37  Supply Depot  
  22  2:40  Reaper  
  23  2:45  SCV  
  24  3:04  Command Center  
  24  3:19  Refinery  
  23  3:41  Marine  
Tags
 
Matchup
TvT
Race
Terran
Replay Pack
MrFercho
Spawn Locations
Cross Positions
Add a new tag
Caveats
  • Supply blocks, unpowered buildings, or Contaminate may cause inaccurate times.
  • Supply counts are checked every 10 seconds.